MONTREAL vs NASHVILLE

Created - Monday, January 08, 2018 at 07:57

Goals
1 2 3 OT1 SO T
MONTREAL 2 0 1 0 0 3
NASHVILLE 0 1 2 0 2 4
Shots
1 2 3 OT1 SO T
MONTREAL 6 2 7 2 2 17
NASHVILLE 6 18 11 2 2 37

1st period

1. MONTREAL , Brian Dumoulin 5 (Tyler Myers 18, Max Pacioretty 17) at 2:23 (PP)
2. MONTREAL , Phillip Danault 8 (Brian Gionta 8, Brian Dumoulin 17) at 12:52

Penalties :
Dwight King (NSH) for Hooking (Minor) at 1:45, Rasmus Ristolainen (NSH) for Delaying the game (Minor) at 8:59, Dwight King (NSH) for Hooking (Minor) at 15:30

2nd period

3. NASHVILLE , Morgan Rielly 6 (Rasmus Ristolainen 20, Lars Eller 14) at 5:47 (PP)

Penalties :
Brian Dumoulin (MON) for Slashing (Double Minor) at 1:32, Tyler Myers (MON) for Hooking (Minor) at 3:49, Rasmus Ristolainen (NSH) for Roughing (Minor) at 7:13, Nathan Beaulieu (MON) for Hooking (Minor) at 11:28

3rd period

4. NASHVILLE , Rasmus Ristolainen 8 (Morgan Rielly 15) at 4:38 (PP)
5. MONTREAL , Rickard Rakell 9 (Brian Dumoulin 18, Vincent Trocheck 13) at 14:34 (PP)
6. NASHVILLE , Oscar Lindberg 4 (Jimmy Vesey 12, Braydon Coburn 9) at 15:07

Penalties :
Nathan Beaulieu (MON) for Tripping (Minor) at 2:58, Brian Dumoulin (MON) for Holding (Minor) at 12:26, Oscar Lindberg (NSH) for Slashing (Minor) at 12:47, Vincent Trocheck (MON) for Cross-checking (Minor) at 17:17

Overtime #1

No Goal

Penalties :
No Penalty

Shootout

Penalty Shot by Max Pacioretty for MONTREAL - Shot Misses the Net
Penalty Shot by Nick Bonino for NASHVILLE - Goal!
Penalty Shot by Nathan MacKinnon for MONTREAL - Shot Misses the Net
Penalty Shot by Richard Panik for NASHVILLE - Goal!

Penalties :
No Penalty

Goalie Stats

Robin Lehner (MON), 34 saves from 37 shots - (0.919), OTL, 20-10-4, 65:00 minutes
Mike Smith (NSH), 14 saves from 17 shots - (0.824), W, 10-20-3, 65:00 minutes

Players Stats for MONTREAL

Player Name              G  A  P  +/- PIM S  H  SB GA TA FO     MP     PP MP  PK MP  
------------------------------------------------------------------------------------
Brian Dumoulin           1  2  3   0  6   1  2  1  0  0  0/0    24:59   3:31   3:04 
Brian Gionta             0  1  1   0  0   0  1  0  0  0  0/2    12:09   0:00   2:07 
Devin Shore              0  0  0   0  0   1  0  0  0  0  2/4     8:47   0:47   0:34 
Gabriel Dumont           0  0  0   0  0   0  0  0  0  0  0/0     5:38   0:00   0:00 
Jason Demers             0  0  0   0  0   0  5  2  0  0  0/0    24:31   2:45   4:48 
Jason Pominville         0  0  0   0  0   1  1  0  0  0  1/1    18:10   4:09   0:00 
Marc Staal               0  0  0   1  0   0  2  3  0  0  0/0    22:08   3:13   5:13 
Max Pacioretty           0  1  1   0  0   1  3  0  0  0  9/18   27:41   4:09   5:37 
Micheal Ferland          0  0  0   0  0   0  3  0  0  0  1/1     6:25   0:00   0:47 
Nathan Beaulieu          0  0  0   0  4   0  1  0  0  0  0/0    15:37   0:00   0:00 
Nathan MacKinnon         0  0  0   0  0   3  1  2  0  0  13/25  27:11   4:09   5:25 
Phillip Danault          1  0  1   0  0   1  1  0  0  0  11/15  10:40   0:00   0:14 
Rickard Rakell           1  0  1   0  0   1  1  0  0  0  2/3    14:03   2:35   0:00 
Sven Andrighetto         0  0  0   0  0   0  1  0  0  0  0/2    12:05   1:48   0:00 
Tobias Enstrom           0  0  0   0  0   0  0  1  0  0  0/0    15:05   0:28   3:34 
Tyler Johnson            0  0  0   0  0   3  0  0  0  0  6/8    16:14   0:00   2:30 
Tyler Myers              0  1  1  -1  2   2  1  1  0  0  0/0    27:07   3:31   3:48 
Vincent Trocheck         0  1  1   0  2   3  2  0  0  0  4/7    17:50   2:35   1:32 

Players Stats for NASHVILLE

Player Name              G  A  P  +/- PIM S  H  SB GA TA FO     MP     PP MP  PK MP  
------------------------------------------------------------------------------------
Braydon Coburn           0  1  1   1  0   1  2  1  0  0  0/0    17:41   4:41   2:26 
Brendan Leipsic          0  0  0   0  0   0  1  0  0  0  2/4    21:41   5:02   1:33 
Brenden Dillon           0  0  0   0  0   0  0  0  0  0  0/0     4:24   0:00   0:00 
Clarke MacArthur         0  0  0   0  0   0  1  0  0  0  0/0     6:40   0:00   0:42 
Danny DeKeyser           0  0  0  -1  0   5  0  0  0  0  0/0    23:22   4:41   2:48 
Dwight King              0  0  0   0  4   0  0  0  0  0  0/0    12:06   0:00   1:37 
Hunter Shinkaruk         0  0  0   0  0   1  0  0  0  0  0/0    10:53   0:00   0:22 
Jimmy Vesey              0  1  1   0  0   2  1  0  0  0  0/0    19:51   5:02   0:00 
Joseph Blandisi          0  0  0   0  0   2  2  0  0  0  4/13   10:31   0:00   0:00 
Kevin Bieksa             0  0  0   1  0   0  1  1  0  0  0/0    10:49   0:00   0:15 
Lars Eller               0  1  1   0  0   4  0  0  0  0  3/5    21:40   5:12   2:16 
Morgan Rielly            1  1  2   0  0   4  0  1  0  0  0/0    26:24   5:33   3:40 
Nick Bonino              0  0  0   0  0   7  0  1  0  0  18/40  29:14   5:12   2:55 
Niklas Kronwall          0  0  0   0  0   2  1  2  0  0  0/0    20:07   0:00   3:04 
Oscar Lindberg           1  0  1   0  2   2  4  0  0  0  9/21   18:32   5:01   0:00 
Rasmus Ristolainen       1  1  2  -1  4   3  2  2  0  0  0/0    27:11   5:33   1:15 
Richard Panik            0  0  0   0  0   3  0  0  0  0  1/2    20:27   5:12   0:00 
Zach Hyman               0  0  0   0  0   1  0  0  0  0  0/1    10:00   0:00   4:03 

3 Stars

1 - Morgan Rielly (NSH)
2 - Oscar Lindberg (NSH)
3 - Braydon Coburn (NSH)

Power Play

MONTREAL - 2 on 5 Attempt(s) - 40.00%
NASHVILLE - 2 on 7 Attempt(s) - 28.57%

Penalty Kill

MONTREAL - 5 on 7 Attempt(s) - 71.43% - Score 0 goal in Penalty Kill
NASHVILLE - 3 on 5 Attempt(s) - 60.00% - Score 0 goal in Penalty Kill

Team Stat

MONTREAL - Hits : 25 - Faceoff Wins : 49 - Blocked Shots : 10 - Penalty Minutes : 14
NASHVILLE - Hits : 15 - Faceoff Wins : 37 - Blocked Shots : 8 - Penalty Minutes : 10

Official

Referees : Unknown
Linesman : Unknown

Game Notes

No Game Note

Finance

Level 1 -- Attendance: 4098 (68.30%) -- Ticket Income $409,800
Level 2 -- Attendance: 3685 (73.70%) -- Ticket Income $221,100
Level 3 -- Attendance: 1857 (92.85%) -- Ticket Income $64,995
Level 4 -- Attendance: 2503 (62.58%) -- Ticket Income $62,575
Luxury Box -- Attendance: 790 (79.00%) -- Ticket Income $158,000
Game was played at the Bridgestone Arena.
Total Attendance: 12933 (71.85%)
Total Ticket Income: $916,470
Total Income: $916,470

MONTREAL

5 vs 5 Forward 
   Center                   Left Wing                Right Wing               Time % Phy DF OF 
 1 Nathan MacKinnon         Max Pacioretty           Jason Pominville         35     1   2  2  
 2 Tyler Johnson            Vincent Trocheck         Rickard Rakell           30     1   2  2  
 3 Phillip Danault          Brian Gionta             Sven Andrighetto         25     1   2  2  
 4 Devin Shore              Micheal Ferland          Gabriel Dumont           10     1   2  2  

5 vs 5 Defense 
   Defense                  Defense                                           Time % Phy DF OF 
 1 Tyler Myers              Brian Dumoulin                                    35     1   2  2  
 2 Jason Demers             Nathan Beaulieu                                   30     1   2  2  
 3 Marc Staal               Tobias Enstrom                                    25     1   2  2  
 4 Tyler Myers              Brian Dumoulin                                    10     1   2  2  

PowerPlay Forward 
   Center                   Left Wing                Right Wing               Time % Phy DF OF 
 1 Nathan MacKinnon         Max Pacioretty           Jason Pominville         60     1   2  2  
 2 Vincent Trocheck         Rickard Rakell           Sven Andrighetto         40     1   2  2  

PowerPlay Defense
   Defense                  Defense                                           Time % Phy DF OF 
 1 Tyler Myers              Brian Dumoulin                                    60     1   2  2  
 2 Jason Demers             Marc Staal                                        40     1   2  2  

Penalty Kill 4 Players Forward 
   Center                   Wing                     Time % Phy DF OF 
 1 Max Pacioretty           Nathan MacKinnon         60     1   2  2  
 2 Vincent Trocheck         Tyler Johnson            40     1   2  2  

Penalty Kill 4 Players Defense
   Defense                  Defense                  Time % Phy DF OF 
 1 Tyler Myers              Brian Dumoulin           60     1   2  2  
 2 Jason Demers             Marc Staal               40     1   2  2  

Penalty Kill - 3 Players Forward 
   Forward                                           Time % Phy DF OF 
 1 Max Pacioretty                                    60     1   2  2  
 2 Nathan MacKinnon                                  40     1   2  2  

Penalty Kill - 3 Players Defense
   Defense                  Defense                  Time % Phy DF OF 
 1 Tyler Myers              Brian Dumoulin           60     1   2  2  
 2 Jason Demers             Marc Staal               40     1   2  2  

4 vs 4 Forward 
   Center                   Wing                     Time % Phy DF OF 
 1 Max Pacioretty           Nathan MacKinnon         60     1   2  2  
 2 Vincent Trocheck         Tyler Johnson            40     1   2  2  

4 vs 4 Defense
   Defense                  Defense                  Time % Phy DF OF 
 1 Tyler Myers              Brian Dumoulin           60     1   2  2  
 2 Jason Demers             Marc Staal               40     1   2  2  

Last Minutes Offensive
   Center                   Left Wing                Right Wing               Defense                  Defense                  
   Nathan MacKinnon         Max Pacioretty           Jason Pominville         Tyler Myers              Brian Dumoulin           

Last Minutes Defensive
   Center                   Left Wing                Right Wing               Defense                  Defense                  
   Nathan MacKinnon         Max Pacioretty           Jason Pominville         Tyler Myers              Brian Dumoulin           

Goaltenders
Starting : Robin Lehner             
Backup : Garret Sparks            

Extra Forwards
Normal : Devin Shore, Phillip Danault, Brian Gionta - PP : Devin Shore, Phillip Danault - PK : Brian Gionta
Extra Defensemen
Normal : Nathan Beaulieu, Tobias Enstrom, Jason Demers - PP : Nathan Beaulieu - PK : Tobias Enstrom, Jason Demers
Penalty Shots
Max Pacioretty, Nathan MacKinnon, Vincent Trocheck, Tyler Johnson, Rickard Rakell

Scratches
MTL CAP HIT (Suspend)

NASHVILLE

5 vs 5 Forward 
   Center                   Left Wing                Right Wing               Time % Phy DF OF 
 1 Nick Bonino              Lars Eller               Richard Panik            35     0   1  4  
 2 Oscar Lindberg           Brendan Leipsic          Jimmy Vesey              30     0   2  3  
 3 Nick Bonino              Clarke MacArthur         Zach Hyman               25     1   3  1  
 4 Joseph Blandisi          Hunter Shinkaruk         Dwight King              10     2   2  1  

5 vs 5 Defense 
   Defense                  Defense                                           Time % Phy DF OF 
 1 Rasmus Ristolainen       Danny DeKeyser                                    35     1   3  1  
 2 Morgan Rielly            Niklas Kronwall                                   35     1   3  1  
 3 Braydon Coburn           Kevin Bieksa                                      20     1   3  1  
 4 Rasmus Ristolainen       Brenden Dillon                                    10     1   3  1  

PowerPlay Forward 
   Center                   Left Wing                Right Wing               Time % Phy DF OF 
 1 Nick Bonino              Lars Eller               Richard Panik            60     0   0  5  
 2 Oscar Lindberg           Brendan Leipsic          Jimmy Vesey              40     0   0  5  

PowerPlay Defense
   Defense                  Defense                                           Time % Phy DF OF 
 1 Rasmus Ristolainen       Morgan Rielly                                     60     0   1  4  
 2 Danny DeKeyser           Braydon Coburn                                    40     0   1  4  

Penalty Kill 4 Players Forward 
   Center                   Wing                     Time % Phy DF OF 
 1 Nick Bonino              Zach Hyman               60     0   4  1  
 2 Lars Eller               Dwight King              40     0   4  1  

Penalty Kill 4 Players Defense
   Defense                  Defense                  Time % Phy DF OF 
 1 Rasmus Ristolainen       Morgan Rielly            60     0   5  0  
 2 Danny DeKeyser           Niklas Kronwall          40     0   5  0  

Penalty Kill - 3 Players Forward 
   Forward                                           Time % Phy DF OF 
 1 Nick Bonino                                       60     0   5  0  
 2 Lars Eller                                        40     0   5  0  

Penalty Kill - 3 Players Defense
   Defense                  Defense                  Time % Phy DF OF 
 1 Rasmus Ristolainen       Morgan Rielly            60     0   5  0  
 2 Danny DeKeyser           Niklas Kronwall          40     0   5  0  

4 vs 4 Forward 
   Center                   Wing                     Time % Phy DF OF 
 1 Nick Bonino              Richard Panik            60     0   2  3  
 2 Lars Eller               Jimmy Vesey              40     0   2  3  

4 vs 4 Defense
   Defense                  Defense                  Time % Phy DF OF 
 1 Rasmus Ristolainen       Morgan Rielly            60     1   3  1  
 2 Danny DeKeyser           Niklas Kronwall          40     1   3  1  

Last Minutes Offensive
   Center                   Left Wing                Right Wing               Defense                  Defense                  
   Nick Bonino              Jimmy Vesey              Richard Panik            Rasmus Ristolainen       Morgan Rielly            

Last Minutes Defensive
   Center                   Left Wing                Right Wing               Defense                  Defense                  
   Nick Bonino              Lars Eller               Zach Hyman               Rasmus Ristolainen       Morgan Rielly            

Goaltenders
Starting : Mike Smith               
Backup : Petr Mrazek              

Extra Forwards
Normal : Richard Panik, Lars Eller, Nick Bonino - PP : Richard Panik, Jimmy Vesey - PK : Zach Hyman
Extra Defensemen
Normal : Rasmus Ristolainen, Morgan Rielly, Danny DeKeyser - PP : Morgan Rielly - PK : Rasmus Ristolainen, Morgan Rielly
Penalty Shots
Nick Bonino, Richard Panik, Jimmy Vesey, Lars Eller, Brendan Leipsic

Scratches
Connor Carrick (Healthy), Alan Quine (Strained Left Elbow Injury), Peter Holland (Healthy), NSH CAP HIT (Suspend)

% Time on Ice - MONTREAL

Lines # - Real PCT - Wanted PCT - Time Play
Normal Forward
1 - 34% - 35% - 14:01
2 - 28% - 30% - 11:28
3 - 25% - 25% - 10:17
4 - 14% - 10% - 5:38
Normal Defense
1 - 35% - 35% - 14:25
2 - 36% - 30% - 14:47
3 - 26% - 25% - 10:46
4 - 3% - 10% - 1:26
PP Forward
1 - 62% - 60% - 4:09
2 - 38% - 40% - 2:35
PP Defense
1 - 52% - 60% - 3:31
2 - 48% - 40% - 3:13
PK Forward
1 - 62% - 60% - 5:15
2 - 38% - 40% - 3:17
PK Defense
1 - 52% - 60% - 4:24
2 - 48% - 40% - 4:08
PK3 Forward
1 - 59% - 60% - 1:00
2 - 41% - 40% - 0:42
PK3 Defense
1 - 100% - 60% - 1:42
2 - 0% - 40% - 0:00
44 Forward
1 - 66% - 60% - 4:22
2 - 34% - 40% - 2:16
44 Defense
1 - 56% - 60% - 3:42
2 - 44% - 40% - 2:56
Last Minute Offensive  - 0:00
Last Minute Defensive  - 0:00
Total
Forward - 65:00
Defense - 65:00

% Time on Ice - NASHVILLE

Lines # - Real PCT - Wanted PCT - Time Play
Normal Forward
1 - 28% - 35% - 11:25
2 - 33% - 30% - 13:31
3 - 14% - 25% - 5:57
4 - 25% - 10% - 10:31
Normal Defense
1 - 31% - 35% - 12:38
2 - 33% - 35% - 13:48
3 - 26% - 20% - 10:34
4 - 11% - 10% - 4:24
PP Forward
1 - 51% - 60% - 5:12
2 - 49% - 40% - 5:02
PP Defense
1 - 54% - 60% - 5:33
2 - 46% - 40% - 4:41
PK Forward
1 - 66% - 60% - 4:28
2 - 34% - 40% - 2:16
PK Defense
1 - 54% - 60% - 3:40
2 - 46% - 40% - 3:04
PK3 Forward
1 - 0% - 60%
2 - 0% - 40%
PK3 Defense
1 - 0% - 60%
2 - 0% - 40%
44 Forward
1 - 80% - 60% - 5:20
2 - 20% - 40% - 1:18
44 Defense
1 - 51% - 60% - 3:23
2 - 49% - 40% - 3:15
Last Minute Offensive  - 0:00
Last Minute Defensive  - 0:00
Total
Forward - 65:00
Defense - 65:00

Play by Play

1st period


0:01 of 1st period - Nathan MacKinnon wins face-off versus Nick Bonino in neutral zone.
0:38 of 1st period - Danny DeKeyser is hit by Jason Pominville and loses puck.
1:35 of 1st period - Shot by Jimmy Vesey.
1:35 of 1st period - Stopped by Robin Lehner without a rebound.
1:36 of 1st period - Phillip Danault wins face-off versus Joseph Blandisi in MONTREAL zone.
1:44 of 1st period - Off-side.
1:45 of 1st period - Phillip Danault wins face-off versus Joseph Blandisi in neutral zone.
1:45 of 1st period - Minor Penalty to Dwight King for Hooking.
1:46 of 1st period - Nathan MacKinnon wins face-off versus Nick Bonino in NASHVILLE zone.
1:47 of 1st period - Shot by Max Pacioretty.
1:47 of 1st period - Shot Misses the Net.
2:17 of 1st period - Shot by Tyler Myers.
2:17 of 1st period - Stopped by Mike Smith with a rebound.
2:19 of 1st period - Shot by Max Pacioretty.
2:19 of 1st period - Shot Blocked by Niklas Kronwall.
2:21 of 1st period - Shot by Tyler Myers.
2:21 of 1st period - Shot Blocked by Niklas Kronwall.
2:23 of 1st period - Shot by Brian Dumoulin.
2:23 of 1st period - Goal by Brian Dumoulin - MONTREAL : 1 - NASHVILLE : 0.
2:24 of 1st period - Oscar Lindberg wins face-off versus Phillip Danault in neutral zone.
3:40 of 1st period - Icing by Jason Demers.
3:41 of 1st period - Nick Bonino wins face-off versus Devin Shore in MONTREAL zone.
3:46 of 1st period - Shot by Nick Bonino.
3:46 of 1st period - Stopped by Robin Lehner with a rebound.
3:48 of 1st period - Shot by Morgan Rielly.
3:48 of 1st period - Stopped by Robin Lehner with a rebound.
3:50 of 1st period - Shot by Clarke MacArthur.
3:50 of 1st period - Shot Blocked by Jason Demers.
5:19 of 1st period - Off-side.
5:20 of 1st period - Nick Bonino wins face-off versus Nathan MacKinnon in neutral zone.
5:36 of 1st period - Jason Pominville is hit by Braydon Coburn and loses puck.
5:43 of 1st period - Shot by Max Pacioretty.
5:43 of 1st period - Shot Misses the Net.
5:45 of 1st period - Shot by Tobias Enstrom.
5:45 of 1st period - Shot Misses the Net.
5:47 of 1st period - Shot by Marc Staal.
5:47 of 1st period - Shot Blocked by Nick Bonino.
5:49 of 1st period - Shot by Marc Staal.
5:49 of 1st period - Shot Blocked by Kevin Bieksa.
5:51 of 1st period - Shot by Marc Staal.
5:51 of 1st period - Shot Misses the Net.
5:54 of 1st period - Nathan MacKinnon is hit by Kevin Bieksa and loses puck.
6:05 of 1st period - Shot by Max Pacioretty.
6:05 of 1st period - Shot Hit the Post.
6:20 of 1st period - Icing by Jason Demers.
6:21 of 1st period - Phillip Danault wins face-off versus Oscar Lindberg in MONTREAL zone.
6:21 of 1st period - Phillip Danault is hit by Jimmy Vesey.
7:06 of 1st period - Icing by Nathan Beaulieu.
7:07 of 1st period - Phillip Danault wins face-off versus Joseph Blandisi in MONTREAL zone.
7:18 of 1st period - Shot by Joseph Blandisi.
7:18 of 1st period - Shot Blocked by Jason Demers.
7:40 of 1st period - Hunter Shinkaruk is hit by Jason Demers and loses puck.
8:22 of 1st period - Shot by Nathan MacKinnon.
8:22 of 1st period - Shot Misses the Net.
8:24 of 1st period - Shot by Brian Dumoulin.
8:24 of 1st period - Shot Misses the Net.
8:27 of 1st period - Nathan MacKinnon is hit by Rasmus Ristolainen and loses puck.
8:59 of 1st period - Minor Penalty to Rasmus Ristolainen for Delaying the game.
9:00 of 1st period - Vincent Trocheck wins face-off versus Lars Eller in NASHVILLE zone.
9:41 of 1st period - Braydon Coburn is hit by Vincent Trocheck and loses puck.
10:14 of 1st period - Shot by Nathan MacKinnon.
10:14 of 1st period - Stopped by Mike Smith without a rebound.
10:15 of 1st period - Brendan Leipsic wins face-off versus Nathan MacKinnon in NASHVILLE zone.
10:42 of 1st period - Shot by Max Pacioretty.
10:42 of 1st period - Shot Blocked by Braydon Coburn.
12:10 of 1st period - Shot by Lars Eller.
12:10 of 1st period - Shot Blocked by Tobias Enstrom.
12:25 of 1st period - Shot by Nick Bonino.
12:25 of 1st period - Stopped by Robin Lehner without a rebound.
12:26 of 1st period - Oscar Lindberg wins face-off versus Phillip Danault in MONTREAL zone.
12:26 of 1st period - Oscar Lindberg is hit by Marc Staal.
12:50 of 1st period - Shot by Brian Gionta.
12:50 of 1st period - Shot Blocked by Rasmus Ristolainen.
12:52 of 1st period - Shot by Phillip Danault.
12:52 of 1st period - The goal is going for a video replay.
12:52 of 1st period - The goal is good.
12:52 of 1st period - Goal by Phillip Danault - MONTREAL : 2 - NASHVILLE : 0.
12:53 of 1st period - Nick Bonino wins face-off versus Tyler Johnson in neutral zone.
13:02 of 1st period - Shot by Nick Bonino.
13:02 of 1st period - Shot Blocked by Tyler Myers.
13:09 of 1st period - Icing by Tyler Myers.
13:10 of 1st period - Nick Bonino wins face-off versus Vincent Trocheck in MONTREAL zone.
13:13 of 1st period - Shot by Niklas Kronwall.
13:13 of 1st period - Stopped by Robin Lehner without a rebound.
13:14 of 1st period - Nick Bonino wins face-off versus Nathan MacKinnon in MONTREAL zone.
13:23 of 1st period - Shot by Nick Bonino.
13:23 of 1st period - Shot Blocked by Nathan MacKinnon.
13:54 of 1st period - Shot by Nathan MacKinnon.
13:54 of 1st period - Deflect By Max Pacioretty.
13:54 of 1st period - Shot Blocked by Morgan Rielly.
14:49 of 1st period - Icing by Vincent Trocheck.
14:50 of 1st period - Rickard Rakell wins face-off versus Joseph Blandisi in MONTREAL zone.
14:50 of 1st period - Rickard Rakell is hit by Joseph Blandisi.
15:30 of 1st period - Minor Penalty to Dwight King for Hooking.
15:31 of 1st period - Nick Bonino wins face-off versus Nathan MacKinnon in NASHVILLE zone.
15:47 of 1st period - Icing by Jason Demers.
15:48 of 1st period - Nathan MacKinnon wins face-off versus Nick Bonino in MONTREAL zone.
16:34 of 1st period - Shot by Vincent Trocheck.
16:34 of 1st period - Stopped by Mike Smith without a rebound.
16:35 of 1st period - Lars Eller wins face-off versus Vincent Trocheck in NASHVILLE zone.
16:47 of 1st period - Icing by Tyler Myers.
16:48 of 1st period - Vincent Trocheck wins face-off versus Lars Eller in MONTREAL zone.
17:35 of 1st period - Shot by Max Pacioretty.
17:35 of 1st period - Shot Misses the Net.
17:38 of 1st period - Icing by Kevin Bieksa.
17:39 of 1st period - Micheal Ferland wins face-off versus Oscar Lindberg in NASHVILLE zone.
18:05 of 1st period - Brendan Leipsic is hit by Micheal Ferland and loses puck.
18:15 of 1st period - Oscar Lindberg is hit by Micheal Ferland and loses puck.
18:25 of 1st period - Kevin Bieksa is hit by Marc Staal and loses puck.
18:40 of 1st period - Shot by Richard Panik.
18:40 of 1st period - Stopped by Robin Lehner without a rebound.
18:41 of 1st period - Nick Bonino wins face-off versus Nathan MacKinnon in MONTREAL zone.
19:06 of 1st period - Max Pacioretty is hit by Niklas Kronwall and loses puck.
19:11 of 1st period - Shot by Nathan MacKinnon.
19:11 of 1st period - Shot Misses the Net.
19:52 of 1st period - Shot by Vincent Trocheck.
19:52 of 1st period - Stopped by Mike Smith without a rebound.
19:53 of 1st period - Joseph Blandisi wins face-off versus Phillip Danault in NASHVILLE zone.
19:53 of 1st period - Joseph Blandisi is hit by Brian Gionta.
Goals for this period are 2 for MONTREAL vs 0 for NASHVILLE.
Shots for this period are 6 for MONTREAL vs 6 for NASHVILLE.

2nd period


0:01 of 2nd period - Nathan MacKinnon wins face-off versus Nick Bonino in neutral zone.
0:04 of 2nd period - Rasmus Ristolainen is hit by Nathan MacKinnon and loses puck.
0:21 of 2nd period - Icing by Tyler Myers.
0:22 of 2nd period - Oscar Lindberg wins face-off versus Nathan MacKinnon in MONTREAL zone.
0:23 of 2nd period - Shot by Morgan Rielly.
0:23 of 2nd period - Stopped by Robin Lehner without a rebound.
0:24 of 2nd period - Tyler Johnson wins face-off versus Oscar Lindberg in MONTREAL zone.
0:58 of 2nd period - Icing by Danny DeKeyser.
0:59 of 2nd period - Nathan MacKinnon wins face-off versus Oscar Lindberg in NASHVILLE zone.
1:32 of 2nd period - Double Minor Penalty to Brian Dumoulin for Slashing.
1:33 of 2nd period - Max Pacioretty wins face-off versus Nick Bonino in MONTREAL zone.
1:46 of 2nd period - Shot by Richard Panik.
1:46 of 2nd period - Shot Misses the Net.
1:48 of 2nd period - Shot by Richard Panik.
1:48 of 2nd period - Stopped by Robin Lehner without a rebound.
1:49 of 2nd period - Nick Bonino wins face-off versus Nathan MacKinnon in MONTREAL zone.
2:03 of 2nd period - Icing by Danny DeKeyser.
2:04 of 2nd period - Nick Bonino wins face-off versus Max Pacioretty in NASHVILLE zone.
2:20 of 2nd period - Shot by Lars Eller.
2:20 of 2nd period - Stopped by Robin Lehner without a rebound.
2:21 of 2nd period - Oscar Lindberg wins face-off versus Max Pacioretty in MONTREAL zone.
2:30 of 2nd period - Shot by Rasmus Ristolainen.
2:30 of 2nd period - Stopped by Robin Lehner with a rebound.
2:32 of 2nd period - Shot by Rasmus Ristolainen.
2:32 of 2nd period - Stopped by Robin Lehner with a rebound.
2:34 of 2nd period - Shot by Morgan Rielly.
2:34 of 2nd period - Shot Misses the Net.
2:55 of 2nd period - Jimmy Vesey is hit by Jason Demers and loses puck.
3:12 of 2nd period - Shot by Nick Bonino.
3:12 of 2nd period - Shot Misses the Net.
3:18 of 2nd period - Shot by Richard Panik.
3:18 of 2nd period - Stopped by Robin Lehner with a rebound.
3:20 of 2nd period - Shot by Danny DeKeyser.
3:20 of 2nd period - Stopped by Robin Lehner without a rebound.
3:21 of 2nd period - Vincent Trocheck wins face-off versus Nick Bonino in MONTREAL zone.
3:38 of 2nd period - Shot by Morgan Rielly.
3:38 of 2nd period - Shot Blocked by Marc Staal.
3:49 of 2nd period - Minor Penalty to Tyler Myers for Hooking.
3:50 of 2nd period - Max Pacioretty wins face-off versus Oscar Lindberg in MONTREAL zone.
3:50 of 2nd period - Max Pacioretty is hit by Oscar Lindberg.
4:19 of 2nd period - Shot by Oscar Lindberg.
4:19 of 2nd period - Stopped by Robin Lehner without a rebound.
4:20 of 2nd period - Nick Bonino wins face-off versus Max Pacioretty in MONTREAL zone.
5:06 of 2nd period - Tobias Enstrom is hit by Brendan Leipsic and loses puck.
5:17 of 2nd period - Shot by Braydon Coburn.
5:17 of 2nd period - Shot Blocked by Nathan MacKinnon.
5:25 of 2nd period - Shot by Braydon Coburn.
5:25 of 2nd period - Stopped by Robin Lehner without a rebound.
5:26 of 2nd period - Lars Eller wins face-off versus Max Pacioretty in MONTREAL zone.
5:43 of 2nd period - Shot by Morgan Rielly.
5:43 of 2nd period - Shot Blocked by Brian Dumoulin.
5:45 of 2nd period - Shot by Rasmus Ristolainen.
5:45 of 2nd period - Shot Misses the Net.
5:47 of 2nd period - Shot by Morgan Rielly.
5:47 of 2nd period - Goal by Morgan Rielly - MONTREAL : 2 - NASHVILLE : 1.
5:48 of 2nd period - Rickard Rakell wins face-off versus Joseph Blandisi in neutral zone.
5:59 of 2nd period - Shot by Joseph Blandisi.
5:59 of 2nd period - Stopped by Robin Lehner with a rebound.
7:13 of 2nd period - Minor Penalty to Rasmus Ristolainen for Roughing.
7:14 of 2nd period - Nathan MacKinnon wins face-off versus Nick Bonino in NASHVILLE zone.
7:56 of 2nd period - Niklas Kronwall is hit by Max Pacioretty.
8:21 of 2nd period - Icing by Tyler Myers.
8:22 of 2nd period - Brendan Leipsic wins face-off versus Vincent Trocheck in MONTREAL zone.
8:22 of 2nd period - Brendan Leipsic is hit by Brian Dumoulin.
8:24 of 2nd period - Shot by Zach Hyman.
8:24 of 2nd period - Stopped by Robin Lehner without a rebound.
8:25 of 2nd period - Jason Pominville wins face-off versus Nick Bonino in MONTREAL zone.
9:17 of 2nd period - Shot by Devin Shore.
9:17 of 2nd period - Stopped by Mike Smith without a rebound.
9:18 of 2nd period - Devin Shore wins face-off versus Oscar Lindberg in NASHVILLE zone.
9:18 of 2nd period - Devin Shore is hit by Rasmus Ristolainen.
10:23 of 2nd period - Shot by Lars Eller.
10:23 of 2nd period - Stopped by Robin Lehner without a rebound.
10:24 of 2nd period - Nathan MacKinnon wins face-off versus Joseph Blandisi in MONTREAL zone.
10:29 of 2nd period - Tyler Myers is hit by Joseph Blandisi and loses puck.
11:01 of 2nd period - Off-side.
11:02 of 2nd period - Lars Eller wins face-off versus Rickard Rakell in neutral zone.
11:14 of 2nd period - Nick Bonino is hit by Jason Demers and loses puck.
11:17 of 2nd period - Shot by Nick Bonino.
11:17 of 2nd period - Shot Misses the Net.
11:19 of 2nd period - Shot by Nick Bonino.
11:19 of 2nd period - Shot Misses the Net.
11:28 of 2nd period - Minor Penalty to Nathan Beaulieu for Hooking.
11:29 of 2nd period - Max Pacioretty wins face-off versus Oscar Lindberg in MONTREAL zone.
12:26 of 2nd period - Shot by Tyler Johnson.
12:26 of 2nd period - Stopped by Mike Smith without a rebound.
12:27 of 2nd period - Max Pacioretty wins face-off versus Nick Bonino in NASHVILLE zone.
13:02 of 2nd period - Shot by Danny DeKeyser.
13:02 of 2nd period - Stopped by Robin Lehner with a rebound.
13:35 of 2nd period - Shot by Hunter Shinkaruk.
13:35 of 2nd period - Shot Misses the Net.
13:48 of 2nd period - Dwight King is hit by Brian Dumoulin and loses puck.
14:04 of 2nd period - Dwight King is hit by Tyler Myers and loses puck.
14:15 of 2nd period - Shot by Nick Bonino.
14:15 of 2nd period - Stopped by Robin Lehner without a rebound.
14:16 of 2nd period - Tyler Johnson wins face-off versus Zach Hyman in MONTREAL zone.
14:20 of 2nd period - Icing by Tobias Enstrom.
14:21 of 2nd period - Tyler Johnson wins face-off versus Richard Panik in MONTREAL zone.
14:49 of 2nd period - Shot by Lars Eller.
14:49 of 2nd period - Shot Misses the Net.
14:51 of 2nd period - Shot by Nick Bonino.
14:51 of 2nd period - Stopped by Robin Lehner with a rebound.
15:09 of 2nd period - Rickard Rakell is hit by Oscar Lindberg and loses puck.
15:42 of 2nd period - Oscar Lindberg is hit by Vincent Trocheck and loses puck.
16:02 of 2nd period - Off-side.
16:03 of 2nd period - Nathan MacKinnon wins face-off versus Joseph Blandisi in neutral zone.
17:09 of 2nd period - Shot by Richard Panik.
17:09 of 2nd period - Deflect By Nick Bonino.
17:09 of 2nd period - Stopped by Robin Lehner with a rebound.
17:11 of 2nd period - Shot by Braydon Coburn.
17:11 of 2nd period - Shot Misses the Net.
17:17 of 2nd period - Shot by Lars Eller.
17:17 of 2nd period - Shot Misses the Net.
17:56 of 2nd period - Icing by Jimmy Vesey.
17:57 of 2nd period - Oscar Lindberg wins face-off versus Devin Shore in NASHVILLE zone.
18:53 of 2nd period - Rasmus Ristolainen is hit by Micheal Ferland.
19:53 of 2nd period - Shot by Nick Bonino.
19:53 of 2nd period - Stopped by Robin Lehner without a rebound.
19:54 of 2nd period - Tyler Johnson wins face-off versus Nick Bonino in MONTREAL zone.
19:58 of 2nd period - Vincent Trocheck is hit by Clarke MacArthur.
Goals for this period are 0 for MONTREAL vs 1 for NASHVILLE.
Shots for this period are 2 for MONTREAL vs 18 for NASHVILLE.

3rd period


0:01 of 3rd period - Nick Bonino wins face-off versus Nathan MacKinnon in neutral zone.
0:01 of 3rd period - Morgan Rielly is hit by Max Pacioretty and loses puck.
0:12 of 3rd period - Shot by Nathan MacKinnon.
0:12 of 3rd period - Stopped by Mike Smith without a rebound.
0:13 of 3rd period - Phillip Danault wins face-off versus Oscar Lindberg in NASHVILLE zone.
1:04 of 3rd period - Shot by Niklas Kronwall.
1:04 of 3rd period - Stopped by Robin Lehner without a rebound.
1:05 of 3rd period - Richard Panik wins face-off versus Nathan MacKinnon in MONTREAL zone.
1:10 of 3rd period - Shot by Nick Bonino.
1:10 of 3rd period - Shot Misses the Net.
1:30 of 3rd period - Shot by Nick Bonino.
1:30 of 3rd period - Deflect By Richard Panik.
1:30 of 3rd period - Shot Misses the Net.
1:58 of 3rd period - Morgan Rielly is hit by Max Pacioretty.
2:18 of 3rd period - Shot by Joseph Blandisi.
2:18 of 3rd period - Stopped by Robin Lehner without a rebound.
2:19 of 3rd period - Tyler Johnson wins face-off versus Brendan Leipsic in MONTREAL zone.
2:19 of 3rd period - Tyler Johnson is hit by Oscar Lindberg.
2:51 of 3rd period - Off-side.
2:52 of 3rd period - Joseph Blandisi wins face-off versus Phillip Danault in neutral zone.
2:58 of 3rd period - Minor Penalty to Nathan Beaulieu for Tripping.
2:59 of 3rd period - Max Pacioretty wins face-off versus Nick Bonino in MONTREAL zone.
3:20 of 3rd period - Shot by Morgan Rielly.
3:20 of 3rd period - Stopped by Robin Lehner without a rebound.
3:21 of 3rd period - Oscar Lindberg wins face-off versus Max Pacioretty in MONTREAL zone.
3:57 of 3rd period - Icing by Braydon Coburn.
3:58 of 3rd period - Oscar Lindberg wins face-off versus Max Pacioretty in NASHVILLE zone.
4:03 of 3rd period - Max Pacioretty is hit by Oscar Lindberg and loses puck.
4:36 of 3rd period - Shot by Morgan Rielly.
4:36 of 3rd period - Shot Blocked by Marc Staal.
4:38 of 3rd period - Shot by Rasmus Ristolainen.
4:38 of 3rd period - Goal by Rasmus Ristolainen - MONTREAL : 2 - NASHVILLE : 2.
4:39 of 3rd period - Joseph Blandisi wins face-off versus Tyler Johnson in neutral zone.
4:50 of 3rd period - Shot by Morgan Rielly.
4:50 of 3rd period - Shot Misses the Net.
5:06 of 3rd period - Shot by Hunter Shinkaruk.
5:06 of 3rd period - Stopped by Robin Lehner without a rebound.
5:07 of 3rd period - Nick Bonino wins face-off versus Sven Andrighetto in MONTREAL zone.
5:07 of 3rd period - Lars Eller is hit by Jason Demers and loses puck.
5:12 of 3rd period - Shot by Richard Panik.
5:12 of 3rd period - Shot Misses the Net.
5:14 of 3rd period - Shot by Danny DeKeyser.
5:14 of 3rd period - Stopped by Robin Lehner without a rebound.
5:15 of 3rd period - Phillip Danault wins face-off versus Nick Bonino in MONTREAL zone.
5:39 of 3rd period - Shot by Nick Bonino.
5:39 of 3rd period - Stopped by Robin Lehner with a rebound.
5:41 of 3rd period - Shot by Lars Eller.
5:41 of 3rd period - Shot Misses the Net.
5:50 of 3rd period - Icing by Phillip Danault.
5:51 of 3rd period - Phillip Danault wins face-off versus Oscar Lindberg in MONTREAL zone.
7:07 of 3rd period - Shot by Tyler Johnson.
7:07 of 3rd period - Stopped by Mike Smith with a rebound.
7:09 of 3rd period - Shot by Vincent Trocheck.
7:09 of 3rd period - Shot Misses the Net.
7:36 of 3rd period - Off-side.
7:37 of 3rd period - Phillip Danault wins face-off versus Nick Bonino in neutral zone.
7:53 of 3rd period - Danny DeKeyser is hit by Phillip Danault and loses puck.
8:26 of 3rd period - Icing by Rasmus Ristolainen.
8:27 of 3rd period - Nathan MacKinnon wins face-off versus Nick Bonino in NASHVILLE zone.
9:07 of 3rd period - Icing by Brian Dumoulin.
9:08 of 3rd period - Joseph Blandisi wins face-off versus Nathan MacKinnon in MONTREAL zone.
9:30 of 3rd period - Off-side.
9:31 of 3rd period - Tyler Johnson wins face-off versus Nick Bonino in neutral zone.
9:36 of 3rd period - Shot by Tyler Johnson.
9:36 of 3rd period - Shot Misses the Net.
10:15 of 3rd period - Niklas Kronwall is hit by Rickard Rakell and loses puck.
10:51 of 3rd period - Off-side.
10:52 of 3rd period - Nathan MacKinnon wins face-off versus Oscar Lindberg in neutral zone.
11:27 of 3rd period - Shot by Jason Pominville.
11:27 of 3rd period - Stopped by Mike Smith without a rebound.
11:28 of 3rd period - Nick Bonino wins face-off versus Brian Gionta in NASHVILLE zone.
11:37 of 3rd period - Icing by Phillip Danault.
11:38 of 3rd period - Phillip Danault wins face-off versus Nick Bonino in MONTREAL zone.
11:43 of 3rd period - Shot by Danny DeKeyser.
11:43 of 3rd period - Shot Misses the Net.
12:01 of 3rd period - Shot by Nick Bonino.
12:01 of 3rd period - Shot Misses the Net.
12:03 of 3rd period - Shot by Danny DeKeyser.
12:03 of 3rd period - Stopped by Robin Lehner without a rebound.
12:04 of 3rd period - Oscar Lindberg wins face-off versus Nathan MacKinnon in MONTREAL zone.
12:07 of 3rd period - Shot by Jimmy Vesey.
12:07 of 3rd period - Stopped by Robin Lehner without a rebound.
12:08 of 3rd period - Max Pacioretty wins face-off versus Oscar Lindberg in MONTREAL zone.
12:13 of 3rd period - Shot by Max Pacioretty.
12:13 of 3rd period - Stopped by Mike Smith without a rebound.
12:14 of 3rd period - Nick Bonino wins face-off versus Nathan MacKinnon in NASHVILLE zone.
12:26 of 3rd period - Minor Penalty to Brian Dumoulin for Holding.
12:27 of 3rd period - Oscar Lindberg wins face-off versus Max Pacioretty in MONTREAL zone.
12:47 of 3rd period - Minor Penalty to Oscar Lindberg for Slashing.
12:48 of 3rd period - Max Pacioretty wins face-off versus Nick Bonino in NASHVILLE zone.
14:22 of 3rd period - Shot by Jimmy Vesey.
14:22 of 3rd period - Shot Blocked by Marc Staal.
14:24 of 3rd period - Shot by Lars Eller.
14:24 of 3rd period - Stopped by Robin Lehner without a rebound.
14:25 of 3rd period - Max Pacioretty wins face-off versus Nick Bonino in MONTREAL zone.
14:34 of 3rd period - Shot by Brian Dumoulin.
14:34 of 3rd period - Deflect By Rickard Rakell.
14:34 of 3rd period - Goal by Rickard Rakell - MONTREAL : 3 - NASHVILLE : 2.
14:35 of 3rd period - Phillip Danault wins face-off versus Joseph Blandisi in neutral zone.
14:38 of 3rd period - Shot by Tyler Myers.
14:38 of 3rd period - Stopped by Mike Smith without a rebound.
14:39 of 3rd period - Phillip Danault wins face-off versus Oscar Lindberg in NASHVILLE zone.
14:39 of 3rd period - Phillip Danault is hit by Braydon Coburn.
15:05 of 3rd period - Shot by Jimmy Vesey.
15:05 of 3rd period - Shot Misses the Net.
15:07 of 3rd period - Shot by Oscar Lindberg.
15:07 of 3rd period - Goal by Oscar Lindberg - MONTREAL : 3 - NASHVILLE : 3.
15:08 of 3rd period - Nathan MacKinnon wins face-off versus Joseph Blandisi in neutral zone.
15:34 of 3rd period - Icing by Jason Demers.
15:35 of 3rd period - Nathan MacKinnon wins face-off versus Nick Bonino in MONTREAL zone.
16:18 of 3rd period - Lars Eller is hit by Jason Demers and loses puck.
16:32 of 3rd period - Jimmy Vesey is hit by Nathan Beaulieu and loses puck.
17:17 of 3rd period - Minor Penalty to Vincent Trocheck for Cross-checking.
17:18 of 3rd period - Nick Bonino wins face-off versus Brian Gionta in MONTREAL zone.
19:44 of 3rd period - Shot by Vincent Trocheck.
19:44 of 3rd period - Stopped by Mike Smith without a rebound.
19:45 of 3rd period - Nick Bonino wins face-off versus Sven Andrighetto in NASHVILLE zone.
19:45 of 3rd period - Nick Bonino is hit by Sven Andrighetto.
Goals for this period are 1 for MONTREAL vs 2 for NASHVILLE.
Shots for this period are 7 for MONTREAL vs 11 for NASHVILLE.

Overtime #1


0:01 of 1st overtime period - Nick Bonino wins face-off versus Max Pacioretty in neutral zone.
0:34 of 1st overtime period - Shot by Nathan MacKinnon.
0:34 of 1st overtime period - Stopped by Mike Smith without a rebound.
0:35 of 1st overtime period - Nick Bonino wins face-off versus Max Pacioretty in NASHVILLE zone.
1:26 of 1st overtime period - Shot by Lars Eller.
1:26 of 1st overtime period - Stopped by Robin Lehner without a rebound.
1:27 of 1st overtime period - Vincent Trocheck wins face-off versus Nick Bonino in MONTREAL zone.
1:47 of 1st overtime period - Icing by Lars Eller.
1:48 of 1st overtime period - Max Pacioretty wins face-off versus Nick Bonino in NASHVILLE zone.
2:55 of 1st overtime period - Shot by Tyler Johnson.
2:55 of 1st overtime period - Stopped by Mike Smith without a rebound.
2:56 of 1st overtime period - Nathan MacKinnon wins face-off versus Nick Bonino in NASHVILLE zone.
3:15 of 1st overtime period - Shot by Nathan MacKinnon.
3:15 of 1st overtime period - Shot Blocked by Rasmus Ristolainen.
4:04 of 1st overtime period - Shot by Danny DeKeyser.
4:04 of 1st overtime period - Stopped by Robin Lehner without a rebound.
4:05 of 1st overtime period - Devin Shore wins face-off versus Brendan Leipsic in MONTREAL zone.
4:14 of 1st overtime period - Shot by Devin Shore.
4:14 of 1st overtime period - Shot Misses the Net.
4:26 of 1st overtime period - Shot by Richard Panik.
4:26 of 1st overtime period - Shot Misses the Net.
Goals for this period are 0 for MONTREAL vs 0 for NASHVILLE.
Shots for this period are 2 for MONTREAL vs 2 for NASHVILLE.

ShootOut


5:00 of 1st overtime period - Penalty Shot by Max Pacioretty for MONTREAL.
5:00 of 1st overtime period - Shot Misses the Net.
5:00 of 1st overtime period - Penalty Shot by Nick Bonino for NASHVILLE.
5:00 of 1st overtime period - Goal by Nick Bonino.
5:00 of 1st overtime period - Penalty Shot by Nathan MacKinnon for MONTREAL.
5:00 of 1st overtime period - Shot Misses the Net.
5:00 of 1st overtime period - Penalty Shot by Richard Panik for NASHVILLE.
5:00 of 1st overtime period - Goal by Richard Panik.